TOP OF THE 1ST |
Nebraska Cornhuskers batting - Pitching for Mississippi Rebels : RHP Mike White
|
Pitching: RHP Mike White
|
|
Batting: SHB Carl Rivers
|
0-0: Called Strike 0-1: Ball 1-1: Ball 2-1: Ball 3-1: Base on Balls
|
Batting: RHB Orlando Valdéz
|
0-0: Called Strike 0-1: Foul Ball, location: 2F 0-2: Ball 1-2: Ball 2-2: SINGLE (Line Drive, 6D) Carl Rivers to second
|
Batting: RHB John Carr
|
0-0: Ball 1-0: Fly out, F9 (Flyball, 89D) Runner from 2nd tags up, SAFE at 3rd, no throw
|
Batting: RHB Cliff Long
|
0-0: Ball 1-0: Called Strike 1-1: Swinging Strike 1-2: Ball 2-2: Foul Ball, location: 2F 2-2: Strikes out swinging
|
Batting: LHB Scott Perkins
|
0-0: Ball 1-0: Ball 2-0: Swinging Strike 2-1: Ball 3-1: Base on Balls Orlando Valdéz to second
|
Batting: RHB Jeff Belcher
|
0-0: Called Strike 0-1: Ball Wild Pitch! Carl Rivers scores Orlando Valdéz to third Scott Perkins to second 1-1: Swinging Strike 1-2: Strikes out looking
|
Top of the 1st over - 1 run, 1 hit, 0 errors, 2 left on base; Nebraska 1 - Mississippi 0 |
BOTTOM OF THE 1ST |
Mississippi Rebels batting - Pitching for Nebraska Cornhuskers : RHP Greg McCoy
|
Pitching: RHP Greg McCoy
|
|
Batting: LHB Bob Crawford
|
0-0: Ball 1-0: Ball 2-0: Ball 3-0: Base on Balls
|
Batting: LHB Erik Moore
|
0-0: Ball 1-0: SINGLE (Line Drive, 56D) Bob Crawford to second
|
Batting: LHB Howard Tyler
|
0-0: Called Strike 0-1: Swinging Strike 0-2: Ball 1-2: Foul Ball, location: 2F 1-2: Strikes out swinging
|
Batting: RHB Jesús Pérez
|
0-0: Ball 1-0: Ball Wild Pitch! Bob Crawford to third Erik Moore to second 2-0: Called Strike 2-1: SINGLE (Groundball, 56D) Bob Crawford scores Erik Moore to third
|
Batting: SHB Roy McBride
|
0-0: Ball 1-0: Swinging Strike 1-1: Foul Ball, location: 2F 1-2: Grounds into double play, 4-6-3 (Groundball, 4D)
|
Bottom of the 1st over - 1 run, 2 hits, 0 errors, 1 left on base; Nebraska 1 - Mississippi 1 |
TOP OF THE 2ND |
Nebraska Cornhuskers batting - Pitching for Mississippi Rebels : RHP Mike White
|
Batting: RHB Jeremy Davidson
|
0-0: Called Strike 0-1: Swinging Strike 0-2: Strikes out swinging
|
Batting: RHB David Howard
|
0-0: Called Strike 0-1: Ball 1-1: Called Strike 1-2: Strikes out looking
|
Batting: RHB Paco Cabrera
|
0-0: Called Strike 0-1: Ball 1-1: Ground out 6-3 (Groundball, 6)
|
Top of the 2nd over - 0 runs, 0 hits, 0 errors, 0 left on base; Nebraska 1 - Mississippi 1 |
BOTTOM OF THE 2ND |
Mississippi Rebels batting - Pitching for Nebraska Cornhuskers : RHP Greg McCoy
|
Batting: RHB Fernando Pagán
|
0-0: Ball 1-0: Foul Ball, location: 2F 1-1: Fly out, F8 (Flyball, 8RS)
|
Batting: RHB Emílio Pérez
|
0-0: Foul Ball, location: 2F 0-1: Fly out, F3 (Popup, 3SF)
|
Batting: LHB Brian Barrón
|
0-0: Called Strike 0-1: Called Strike 0-2: SOLO HOME RUN (Flyball, 7D), Distance : 361 ft
|
Batting: RHB Mike Jorgenson
|
0-0: Called Strike 0-1: Ball 1-1: Foul Ball, location: 2F 1-2: Ball 2-2: Ball 3-2: Foul Ball, location: 2F 3-2: Base on Balls
|
Batting: LHB Bob Crawford
|
0-0: Ball 1-0: Foul Ball, location: 2F 1-1: Swinging Strike 1-2: Foul Ball, location: 2F 1-2: Strikes out swinging
|
Bottom of the 2nd over - 1 run, 1 hit, 0 errors, 1 left on base; Nebraska 1 - Mississippi 2 |
TOP OF THE 3RD |
Nebraska Cornhuskers batting - Pitching for Mississippi Rebels : RHP Mike White
|
Batting: SHB Carl Rivers
|
0-0: Ground out 4-3 (Groundball, 4)
|
Batting: RHB Orlando Valdéz
|
0-0: Called Strike 0-1: Foul Ball, location: 2F 0-2: Foul Ball, location: 2F 0-2: SINGLE (Groundball, 5D)
|
Batting: RHB John Carr
|
0-0: Ball 1-0: Called Strike 1-1: Ball 2-1: Swinging Strike 2-2: Ball 3-2: SINGLE (Groundball, 6S) (infield hit) Orlando Valdéz to second
|
Batting: RHB Cliff Long
|
0-0: Foul Ball, location: 2F 0-1: Ball 1-1: Fly out, F8 (Flyball, 8LD)
|
Batting: LHB Scott Perkins
|
0-0: Ball 1-0: Foul Ball, location: 2F 1-1: Fielders Choice at 2nd, 5-4 (Groundball, 56)
|
Top of the 3rd over - 0 runs, 2 hits, 0 errors, 2 left on base; Nebraska 1 - Mississippi 2 |
BOTTOM OF THE 3RD |
Mississippi Rebels batting - Pitching for Nebraska Cornhuskers : RHP Greg McCoy
|
Batting: LHB Erik Moore
|
0-0: Called Strike 0-1: Ball 1-1: Ball 2-1: Called Strike 2-2: SOLO HOME RUN (Flyball, 9D), Distance : 348 ft
|
Batting: LHB Howard Tyler
|
0-0: Foul Ball, location: 2F 0-1: Foul Ball, location: 2F 0-2: Ground out 5-3 (Groundball, 56)
|
Batting: RHB Jesús Pérez
|
0-0: Called Strike 0-1: Fly out, F9 (Line Drive, 89D)
|
Batting: SHB Roy McBride
|
0-0: DOUBLE (Line Drive, 9LM)
|
Batting: RHB Fernando Pagán
|
0-0: Called Strike 0-1: Called Strike 0-2: Ball 1-2: Foul Ball, location: 2F 1-2: Strikes out swinging
|
Bottom of the 3rd over - 1 run, 2 hits, 0 errors, 1 left on base; Nebraska 1 - Mississippi 3 |
TOP OF THE 4TH |
Nebraska Cornhuskers batting - Pitching for Mississippi Rebels : RHP Mike White
|
Batting: RHB Jeff Belcher
|
0-0: Ball 1-0: Ball 2-0: Ball 3-0: Base on Balls
|
Batting: RHB Jeremy Davidson
|
0-0: Ball 1-0: Foul Ball, location: 2F 1-1: Ball 2-1: Ball 3-1: Swinging Strike 3-2: Foul Ball, location: 2F 3-2: Foul Ball, location: 2F 3-2: Foul Ball, location: 2F 3-2: Base on Balls Jeff Belcher to second
|
Batting: RHB David Howard
|
0-0: Ball 1-0: Ball 2-0: Called Strike 2-1: Swinging Strike 2-2: Grounds into double play, 5-4-3 (Groundball, 56) Jeff Belcher to third
|
Batting: RHB Paco Cabrera
|
0-0: Ball 1-0: Called Strike 1-1: Swinging Strike 1-2: Strikes out looking
|
Top of the 4th over - 0 runs, 0 hits, 0 errors, 1 left on base; Nebraska 1 - Mississippi 3 |
BOTTOM OF THE 4TH |
Mississippi Rebels batting - Pitching for Nebraska Cornhuskers : RHP Greg McCoy
|
Batting: RHB Emílio Pérez
|
0-0: Ball 1-0: Swinging Strike 1-1: DOUBLE (Line Drive, 7LS)
|
Batting: LHB Brian Barrón
|
0-0: Called Strike 0-1: Swinging Strike 0-2: Ground out 6-3 (Groundball, 6)
|
Batting: RHB Mike Jorgenson
|
0-0: DOUBLE (Line Drive, 78D) Emílio Pérez scores
|
Batting: LHB Bob Crawford
|
0-0: Ball 1-0: Ball 2-0: Ball 3-0: Base on Balls
|
Batting: LHB Erik Moore
|
0-0: Fly out, F7 (Flyball, 78D)
|
Batting: LHB Howard Tyler
|
0-0: Ball 1-0: Foul Ball, location: 2F 1-1: Ball 2-1: Fly out, F3 (Flyball, 34D)
|
Bottom of the 4th over - 1 run, 2 hits, 0 errors, 2 left on base; Nebraska 1 - Mississippi 4 |
TOP OF THE 5TH |
Nebraska Cornhuskers batting - Pitching for Mississippi Rebels : RHP Mike White
|
Batting: SHB Carl Rivers
|
0-0: Ground out 4-3 (Groundball, 4)
|
Batting: RHB Orlando Valdéz
|
0-0: Called Strike 0-1: Ball 1-1: Ball 2-1: Ground out 1-3 (Groundball, 15S)
|
Batting: RHB John Carr
|
0-0: Called Strike 0-1: Swinging Strike 0-2: Strikes out swinging
|
Top of the 5th over - 0 runs, 0 hits, 0 errors, 0 left on base; Nebraska 1 - Mississippi 4 |
BOTTOM OF THE 5TH |
Mississippi Rebels batting - Pitching for Nebraska Cornhuskers : RHP Greg McCoy
|
Batting: RHB Jesús Pérez
|
0-0: Ball 1-0: Ball 2-0: Ball 3-0: Called Strike 3-1: Called Strike 3-2: SINGLE (Groundball, 6MD)
|
Pitching: RHP Stanley Black
|
|
Batting: SHB Roy McBride
|
0-0: Ball 1-0: Ball 2-0: Ball 3-0: Base on Balls Jesús Pérez to second
|
Batting: RHB Fernando Pagán
|
0-0: Called Strike 0-1: Foul Ball, location: 2F 0-2: Strikes out looking
|
Batting: RHB Emílio Pérez
|
0-0: Swinging Strike 0-1: Called Strike 0-2: Ball 1-2: Ball 2-2: Foul Ball, location: 2F 2-2: Strikes out swinging
|
Batting: LHB Brian Barrón
|
0-0: Ball 1-0: Ground out 5-3 (Groundball, 56)
|
Bottom of the 5th over - 0 runs, 1 hit, 0 errors, 2 left on base; Nebraska 1 - Mississippi 4 |
TOP OF THE 6TH |
Nebraska Cornhuskers batting - Pitching for Mississippi Rebels : RHP Mike White
|
Pitching: RHP Luis Valenzuela
|
|
Batting: RHB Cliff Long
|
0-0: Fly out, F9 (Flyball, 89S)
|
Batting: LHB Scott Perkins
|
0-0: Called Strike 0-1: Called Strike 0-2: Foul Ball, location: 2F 0-2: Strikes out swinging
|
Batting: RHB Jeff Belcher
|
0-0: Called Strike 0-1: Swinging Strike 0-2: Ball 1-2: Ball 2-2: Strikes out swinging
|
Top of the 6th over - 0 runs, 0 hits, 0 errors, 0 left on base; Nebraska 1 - Mississippi 4 |
BOTTOM OF THE 6TH |
Mississippi Rebels batting - Pitching for Nebraska Cornhuskers : RHP Stanley Black
|
Batting: RHB Mike Jorgenson
|
0-0: Called Strike 0-1: Ball 1-1: Ball 2-1: Called Strike 2-2: Foul Ball, location: 2F 2-2: Strikes out swinging
|
Batting: LHB Bob Crawford
|
0-0: Ball 1-0: Ground out 6-3 (Groundball, 6)
|
Batting: LHB Erik Moore
|
0-0: Foul Ball, location: 2F 0-1: Ball 1-1: Foul Ball, location: 2F 1-2: Ball 2-2: Strikes out swinging
|
Bottom of the 6th over - 0 runs, 0 hits, 0 errors, 0 left on base; Nebraska 1 - Mississippi 4 |
TOP OF THE 7TH |
Nebraska Cornhuskers batting - Pitching for Mississippi Rebels : RHP Luis Valenzuela
|
Batting: RHB Jeremy Davidson
|
0-0: DOUBLE (Line Drive, 5D)
|
Batting: RHB David Howard
|
0-0: Called Strike 0-1: Ball 1-1: Called Strike 1-2: Ball 2-2: Strikes out swinging
|
Batting: RHB Paco Cabrera
|
0-0: Ball Jeremy Davidson steals 3rd base 1-0: SINGLE (Line Drive, 7S) Jeremy Davidson scores
|
Batting: SHB Carl Rivers
|
0-0: Ball 1-0: Ball 2-0: Called Strike 2-1: Swinging Strike 2-2: Strikes out swinging Paco Cabrera steals 2nd base Batter strikes out.
|
Pitching: RHP Thomas Mason
|
|
Batting: RHB Orlando Valdéz
|
0-0: Fly out, F5 (Line Drive, 56)
|
Top of the 7th over - 1 run, 2 hits, 0 errors, 1 left on base; Nebraska 2 - Mississippi 4 |
BOTTOM OF THE 7TH |
Mississippi Rebels batting - Pitching for Nebraska Cornhuskers : RHP Stanley Black
|
Batting: LHB Howard Tyler
|
0-0: Reached on error, E5 (Groundball, 56)
|
Batting: RHB Jesús Pérez
|
0-0: Ball 1-0: Foul Ball, location: 2F 1-1: Called Strike 1-2: Strikes out looking
|
Batting: SHB Roy McBride
|
0-0: Called Strike 0-1: Ball 1-1: Fly out, F8 (Flyball, 8RS)
|
Batting: RHB Fernando Pagán
|
0-0: Ball 1-0: Ball 2-0: Ball 3-0: Called Strike 3-1: Base on Balls Howard Tyler to second
|
Batting: RHB Emílio Pérez
|
0-0: Called Strike 0-1: Called Strike 0-2: Reached on error, E6 (Groundball, 6) Howard Tyler to third Fernando Pagán to second
|
Batting: LHB Brian Barrón
|
0-0: Called Strike 0-1: Foul Ball, location: 2F 0-2: Ground out 5-3 (Groundball, 56S)
|
Bottom of the 7th over - 0 runs, 0 hits, 2 errors, 3 left on base; Nebraska 2 - Mississippi 4 |
TOP OF THE 8TH |
Nebraska Cornhuskers batting - Pitching for Mississippi Rebels : RHP Thomas Mason
|
Batting: RHB John Carr
|
0-0: Ball 1-0: Ball 2-0: Foul Ball, location: 2F 2-1: Ball 3-1: Fly out, F5 (Popup, 56)
|
Batting: RHB Cliff Long
|
0-0: Foul Ball, location: 2F 0-1: Ball 1-1: Called Strike 1-2: Fly out, F9 (Flyball, 89S)
|
Batting: LHB Scott Perkins
|
0-0: Ground out 6-3 (Groundball, 6)
|
Top of the 8th over - 0 runs, 0 hits, 0 errors, 0 left on base; Nebraska 2 - Mississippi 4 |
BOTTOM OF THE 8TH |
Mississippi Rebels batting - Pitching for Nebraska Cornhuskers : RHP Clarence Parks
|
Pitching: RHP Clarence Parks
|
|
Batting: RHB Mike Jorgenson
|
0-0: Called Strike 0-1: Swinging Strike 0-2: Strikes out looking
|
Batting: LHB Bob Crawford
|
0-0: Swinging Strike 0-1: Called Strike 0-2: Ball 1-2: Strikes out swinging
|
Batting: LHB Erik Moore
|
0-0: Ball 1-0: Foul Ball, location: 2F 1-1: Foul Ball, location: 2F 1-2: Ball 2-2: Ball 3-2: Foul Ball, location: 2F 3-2: Base on Balls
|
Batting: LHB Howard Tyler
|
0-0: Called Strike 0-1: Swinging Strike 0-2: Ground out 4-3 (Groundball, 4)
|
Bottom of the 8th over - 0 runs, 0 hits, 0 errors, 1 left on base; Nebraska 2 - Mississippi 4 |
TOP OF THE 9TH |
Nebraska Cornhuskers batting - Pitching for Mississippi Rebels : RHP Thomas Mason
|
Pitching: RHP Mark Campbell
|
|
Batting: RHB Jeff Belcher
|
0-0: Called Strike 0-1: Called Strike 0-2: Ball 1-2: Foul Ball, location: 2F 1-2: Ball 2-2: Strikes out swinging
|
Batting: RHB Jeremy Davidson
|
0-0: Ball 1-0: Called Strike 1-1: Foul Ball, location: 2F 1-2: Foul Ball, location: 2F 1-2: Strikes out swinging
|
Batting: RHB David Howard
|
0-0: Called Strike 0-1: Foul Ball, location: 2F 0-2: Strikes out looking
|
Top of the 9th over - 0 runs, 0 hits, 0 errors, 0 left on base; Nebraska 2 - Mississippi 4 |
|